 Dungeon Crawl Stone Soup version 0.30-a0-137-gd8773701ce (webtiles) character file.

Game seed: 8455725895573096050

78 jimonade the Shooter (level 4, -3/25 HPs)
             Began as a Deep Elf Hunter on Sept 23, 2022.
             Slain by a hound (5 damage)
             ... on level 4 of the Dungeon.
             The game lasted 00:02:49 (2653 turns).

jimonade the Shooter (Deep Elf Hunter)              Turns: 2653, Time: 00:02:49

Health: -3/25      AC:  5    Str:  8    XL:     4   Next: 15%
Magic:  6/6        EV: 10    Int: 14    God:
Gold:   147        SH:  0    Dex: 20    Spells: 3/3 levels left

rFire   . . .      SeeInvis .    a - +0 shortbow
rCold   . . .      Faith    .    (shield currently unavailable)
rNeg    . . .      Spirit   .    h - +0 ring mail
rPois   .          Reflect  .    (no helmet)
rElec   .          Harm     .    (no cloak)
rCorr   .          Rampage  .    (no gloves)
Will    .....                    (no boots)
Stlth   +.........               d - amulet of the acrobat
HPRegen 0.08/turn                (no ring)
MPRegen 0.10/turn                (no ring)

@: no status effects
A: no striking features
a: no special abilities


You were on level 4 of the Dungeon.
You visited 1 branch of the dungeon, and saw 4 of its levels.

You collected 147 gold pieces.

Inventory:

Hand Weapons
 a - a +0 shortbow (weapon)
 b - a +2 dagger of speed
Armour
 c - a +0 leather armour
 h - a +0 ring mail (worn)
Jewellery
 d - an amulet of the acrobat (around neck)
 p - a ring of resist corrosion
Wands
 u - a wand of acid (4)
Scrolls
 e - 7 scrolls of identify {unknown}
 j - 2 scrolls of immolation
 l - a scroll of magic mapping {unknown}
 n - a scroll of fear {unknown}
 o - 2 scrolls of teleportation {unknown}
 q - a scroll of blinking {unknown}
 t - a scroll of fog {unknown}
Potions
 f - 3 potions of might {unknown}
 g - a potion of degeneration {unknown}
 i - a potion of mutation {unknown}
 k - 2 potions of brilliance {unknown}
 m - a potion of magic {unknown}
 r - a potion of ambrosia {unknown}
 s - a potion of lignification {unknown}


   Skills:
 - Level 1.5 Fighting
 + Level 7.6 Ranged Weapons
 - Level 2.4 Dodging
 - Level 1.2 Stealth


You had 3 spell levels left.
You didn't know any spells.
Your spell library contained the following spells:

 Spells                   Type           Power      Damage    Failure   Level
 Dazzling Flash           Conj/Hex       0%         N/A       95%         3
 Agony                    Necr           0%         N/A       100%        5
 Silence                  Hex/Air        0%         N/A       100%        5


Dungeon Overview and Level Annotations

Branches:
Dungeon (4/15)
 Temple: D:4-7

Altars:
Nemelex Xobeh
Xom
Zin

Annotations:
D:3 exclusion: downstairs


Message History

The arrow closely misses the hobgoblin.
The hound bites you.
You shoot an arrow. The arrow barely misses the hound.
The arrow closely misses the hobgoblin.
The hound completely misses you.
You shoot an arrow. The arrow hits the hound!
The hound is heavily wounded.
The hound bites you. x2; The hobgoblin misses you.
You shoot an arrow. The arrow barely misses the hound.
The hound bites you. The hound barely misses you. The hobgoblin hits you.
You are too injured to fight recklessly!
You are too injured to fight recklessly!
You are too injured to fight recklessly!
You are too injured to fight recklessly!
You are too injured to fight recklessly!
Fire: a) +0 shortbow
Press: ? - help, Q - select action, (/) - cycle Shift-Dir - straight line, f/p - hound
Aim: a hound (heavily wounded, 56% to hit)
You shoot an arrow. The arrow barely misses the hound.
The hound bites you. The hobgoblin misses you. The hound bites you.
* * * LOW HITPOINT WARNING * * *
Fire: a) +0 shortbow
Press: ? - help, Q - select action, (/) - cycle Shift-Dir - straight line, f/p - hound
Aim: a hound (heavily wounded, 56% to hit)
You shoot an arrow. The arrow barely misses the hound.
The hound closely misses you.
The hobgoblin hits you but does no damage.
The hound bites you but does no damage.
Fire: a) +0 shortbow
Press: ? - help, Q - select action, (/) - cycle Shift-Dir - straight line, f/p - hound
Aim: a hound (heavily wounded, 56% to hit)
You shoot an arrow. The arrow barely misses the hound.
The hound closely misses you. The hobgoblin barely misses you.
The hound closely misses you. The hobgoblin hits you.
* * * LOW HITPOINT WARNING * * *
Fire: a) +0 shortbow
Press: ? - help, Q - select action, (/) - cycle Shift-Dir - straight line, f/p - hound
Aim: a hound (heavily wounded, 56% to hit)
You shoot an arrow. The arrow hits the hound!
The hound is almost dead.
The hound bites you.
You die...

.........
.......
.....# #
#....##.#
####.......
.......#
##.#####hg..#
.......?@...#
##.#####..#<#
#..#....#
#########


You could see a hound and a hobgoblin.

Vanquished Creatures
  2 adders (D:2)
  4 dart slugs
  4 orcs (D:3)
  4 ball pythons
  An endoplasm (D:1)
  A giant cockroach (D:2)
  5 goblins
  6 hobgoblins
  2 jackals (D:1)
  A quokka (D:1)
  8 bats
  2 frilled lizards (D:1)
  2 kobolds (D:1)
  7 rats
49 creatures vanquished.

Notes
Turn   | Place    | Note
-------+----------+-------------------------------------------
     0 | D:1      | jimonade the Deep Elf Hunter began the quest for the Orb.
     0 | D:1      | Reached XP level 1. HP: 12/12 MP: 3/3
   171 | D:1      | Reached XP level 2. HP: 16/16 MP: 4/4
   176 | D:1      | Reached skill level 6 in Ranged Weapons
   219 | D:1      | Found a faded altar of an unknown god.
   880 | D:2      | Reached XP level 3. HP: 13/20 MP: 5/5
  1136 | D:2      | Reached skill level 7 in Ranged Weapons
  1912 | D:3      | Found a sparkling altar of Nemelex Xobeh.
  2016 | D:3      | Reached XP level 4. HP: 25/25 MP: 6/6
  2467 | D:3      | Found a glowing silver altar of Zin.
  2558 | D:4      | Found a shimmering altar of Xom.
  2565 | D:4      | Noticed an ogre
  2653 | D:4      | Slain by a hound

Illustrated notes

Levels and vault maps discovered:
D:1:      dpeg_arrival_pits, layout_loops_ring, shapermc_ecumenical_altar_ellora
D:2:      layout_rooms
D:3:      layout_loops_ring, lemuel_crystal_altar, marbit_many_paths
D:4:      layout_basic, amcnicky_altar_gilded, minmay_shop_enchanted_jewellery

Skill      XL: |  1  2  3 |
---------------+----------+-----
Ranged Weapons | 6 7 |  7.6
Fighting       | |  1.5
Dodging        | |  2.4
Stealth        | |  1.2

Action                   |  1- 3 |  4- 6 || total
-------------------------+-------+-------++-------
 Fire: Shortbow          |   105 |    22 ||   127
Armor: Leather armour    |     6 |       ||     6
       Ring mail         |    10 |     3 ||    13
Dodge: Dodged            |    31 |     8 ||    39

Table legend: (Time is in decaauts)
 A = Elapsed time spent in this place.
 B = Non-inter-level travel time spent in this place.
 C = Inter-level travel time spent in this place.
 D = Time resting spent in this place.
 E = Time spent auto-exploring this place.
 F = Levels seen in this place.
 G = Mean time per level.
                   A        B        C        D        E       F      G
               +--------+--------+--------+--------+--------+-----+--------+
         Total |   2689 |   2575 |    114 |    302 |   1907 |   4 |  672.2 |
       Dungeon |   2689 |   2575 |    114 |    302 |   1907 |   4 |  672.2 |
               +--------+--------+--------+--------+--------+-----+--------+

Top non-repeatable levels by time:
     D:2: 953 daAuts
     D:1: 885 daAuts
     D:3: 779 daAuts
     D:4: 70 daAuts
